Map: Terrazas hostiles

Players

MrFercho

  • Race: Zerg Zerg
  • Spawn Location: 12:00

tigro - Winner!

  • Race: Terran Terran
  • Spawn Location: 6:00

VOD

Have the link to the VOD?

Description

Time

  • Played on: April 11, 2020, 5:46 p.m.
  • Length: 14:19
Show
View Real Time Build Order
Export as new Build Order

MrFercho Zerg 

Build Orders: Hatch First 

Get SALT Encoding   

  12  0:02  Drone  
  13  0:14  Overlord  
  13  0:18  Drone  
  14  0:25  Extractor  
  14  0:26  Drone  
  14  0:51  Drone x3  
  17  1:11  Drone  
  18  1:20  Extractor, Drone  
  18  1:29  Hatchery  
  17  1:34  Spawning Pool  
  17  1:36  Drone  
  17  1:37  Drone  
  18  1:55  Drone  
  19  2:04  Drone  
  20  2:12  Overlord  
  20  2:20  Drone  
  21  2:22  Metabolic Boost  
  21  2:33  Hatchery  
  20  2:44  Drone  
  20  2:45  Drone x2  
  20  2:49  Lair  
  23  3:12  Drone x5  
  28  3:21  Roach Warren  
  27  3:34  Evolution Chamber  
  26  3:47  Drone  
  26  3:48  Drone x2  
  29  3:50  Hatchery  
  28  4:04  Extractor  
  28  4:06  Drone  
  28  4:07  Drone x2  
  28  4:08  Extractor  
  29  4:12  Tunneling Claws  
  29  4:21  Zerg Missile Weapons Level 1  
  29  4:36  Drone x3  
  29  4:37  Drone  
  33  5:06  Hatchery  
  32  5:08  Roach x4  
  40  5:20  Drone  
  40  5:21  Drone x4  
  45  5:31  Glial Reconstitution  
  45  5:44  Infestation Pit  
  44  6:15  Zerg Ground Armor Level 1  
  44  6:18  Drone x2  
  44  6:19  Drone x5  
  44  6:20  Drone x3  
  44  6:24  Overlord x2  
  54  6:42  Evolution Chamber  
  54  6:44  Pneumatized Carapace  
  54  6:45  Burrow  
  54  6:46  Evolution Chamber  
  52  6:56  Drone x13  
  52  6:57  Drone x2  
  67  7:13  Neural Parasite  
  67  7:37  Nydus Network  
  67  7:44  Roach x2  
  68  7:45  Overlord  
  68  7:46  Overlord x2  
  68  7:48  Overlord  
  68  7:50  Overlord x2  
  70  8:03  Extractor  
  69  8:06  Extractor  
  68  8:15  Roach  
  68  8:16  Roach x14  
  98  8:25  Zerg Missile Weapons Level 2, Zerg Ground Armor Level 2  
  98  8:26  Zerg Melee Weapons Level 1  
  98  8:32  Pathogen Glands  
  98  8:46  Drone x5  
  98  8:47  Drone x5  
  108  9:09  Roach x21  
  108  9:28  Unknown  
  82  11:46  Zergling x2  
  82  11:47  Zergling x28  
  74  13:30  Zergling x2  
  74  13:31  Zergling x28  
  81  13:46  Overseer  
Show
View Real Time Build Order
Export as new Build Order

tigro Terran - Winner!

Build Orders:  

Get SALT Encoding   

  12  0:02  SCV  
  13  0:17  Supply Depot  
  13  0:19  SCV  
  14  0:31  SCV  
  15  0:36  Refinery  
  15  0:42  Refinery  
  15  0:57  Barracks  
  15  1:07  SCV  
  16  1:19  SCV  
  17  1:31  SCV  
  18  1:44  Marine  
  19  1:54  Barracks  
  19  2:02  Marine  
  19  2:04  SCV  
  21  2:19  Marine  
  22  2:30  Orbital Command  
  22  2:37  Marine  
  22  2:43  Barracks Tech Lab  
  23  2:47  Supply Depot  
  23  3:08  Marine  
  23  3:11  Marauder  
  26  3:13  Combat Shield, Engineering Bay  
  26  3:26  Marine  
  27  3:32  Marauder  
  29  3:54  Marauder  
  31  3:57  Factory  
  31  4:04  Barracks Tech Lab  
  31  4:14  Terran Infantry Weapons Level 1  
  31  4:15  Marauder  
  33  4:32  Stimpack, Concussive Shells  
  33  4:37  Marauder  
  35  4:39  Marine  
  35  4:43  Factory Tech Lab  
  36  4:59  Armory  
  36  5:09  Siege Tank  
  39  5:49  Supply Depot  
  39  6:07  Marine  
  39  6:08  Terran Infantry Armor Level 1  
  42  6:11  Marauder  
  42  6:23  Missile Turret  
  42  6:25  Marine  
  42  6:27  SCV  
  46  6:32  Marauder  
  46  6:43  Marine  
  47  7:01  Command Center, Marine  
  48  7:19  Infernal Pre-Igniter, Marine  
  49  7:23  Terran Vehicle And Ship Armor Level 1  
  49  7:56  Starport  
  49  8:02  Neosteel Armor  
  49  8:25  Planetary Fortress  
  49  8:38  Missile Turret  
  49  8:42  Medivac  
  49  8:43  Missile Turret  
  51  9:10  Factory, Refinery  
  51  9:17  Terran Vehicle Weapons Level 1  
  32  9:42  Marine, Hi-Sec Auto Tracking  
  5  10:00  Marine  
  5  10:17  Marauder, Marine  
  4  10:53  Hellion  
  4  10:55  Hellion  
  5  11:26  Starport Tech Lab  
  5  11:35  SCV  
  4  11:47  SCV  
  5  11:56  Supply Depot  
  5  11:59  SCV  
  7  12:15  SCV  
  7  12:27  SCV  
  8  12:42  Barracks  
  8  12:47  Refinery  
  6  13:35  Barracks  
  6  14:02  Barracks  
  6  14:04  SCV  
Tags
 
Matchup
TvZ
Replay Pack
MrFercho
Spawn Locations
Cross Positions
Add a new tag
Caveats
  • Supply blocks, unpowered buildings, or Contaminate may cause inaccurate times.
  • Supply counts are checked every 10 seconds.